 Dungeon Crawl Stone Soup version 0.32-a0-699-g1ee5eff69a (webtiles) character file.

Game seed: 1167765132482725822

56 BeKind the Chiller (level 3, 0/21 HPs)
             Began as an Octopode Ice Elementalist on Mar 13, 2024.
             Slain by an adder (1 damage)
             ... on level 3 of the Dungeon.
             The game lasted 00:01:31 (1852 turns).

BeKind the Chiller (Octopode Ice Elementalist)      Turns: 1852, Time: 00:01:33

Health: 0/21       AC:  1    Str:  7    XL:     3   Next: 97%
Magic:  5/7        EV: 12    Int: 19    God:
Gold:   153        SH:  0    Dex: 12    Spells: 6/7 levels left

rFire   . . .        b - +0 short sword
rCold   . . .        (no shield)
rNeg    . . .        (helmet restricted)
rPois   +            (no amulet)
rElec   .            h - ring of poison resistance
rCorr   .            (no ring)
SInv    .            (no ring)
Will    .....        (no ring)
Stlth   +++          (no ring)
HPRegen 0.23/turn    (no ring)
MPRegen 0.10/turn    (no ring)
                     (no ring)

%: no passive effects
@: no status effects
A: almost no armour, amphibious, 8 rings, camouflage 1, gelatinous body 1,
(nimble swimmer 1), tentacles
a: no special abilities


You were on level 3 of the Dungeon.
You visited 1 branch of the dungeon, and saw 3 of its levels.

You collected 153 gold pieces.

Inventory:

Hand Weapons
 b - a +0 short sword (weapon)
Jewellery
 h - a ring of poison resistance (left tentacle)
Scrolls
 c - 2 scrolls of identify {unknown}
 e - a scroll of teleportation {unknown}
 i - a scroll of enchant armour {unknown}
 j - a scroll of poison {unknown}
 k - 2 scrolls of fog {unknown}
Potions
 a - a potion of magic
 d - a potion of degeneration {unknown}
 f - a potion of lignification {unknown}
 g - 2 potions of curing {unknown}


   Skills:
 + Level 2.8 Dodging
 - Level 3.0 Stealth
 + Level 2.7 Spellcasting
 + Level 4.4 Ice Magic


You had 6 spell levels left.
You knew the following spells:

 Your Spells              Type           Power      Damage    Failure   Level
a - Freeze                Ice            76%        1d8       2%          1

Your spell library contained the following spells:

 Spells                   Type           Power      Damage    Failure   Level
 Frozen Ramparts          Ice            38%        1d6       8%          3
 Ozocubu's Armour         Ice            19%        N/A       8%          3
 Summon Ice Beast         Ice/Summ       11%        N/A       19%         3


Dungeon Overview and Level Annotations

Branches:
Dungeon (3/15)

Altars:


Innate Abilities, Weirdness & Mutations

You cannot wear most types of armour.
You are amphibious.
You can wear up to eight rings at the same time.
Your skin changes colour to match your surroundings (Stealth+).
Your rubbery body absorbs attacks. (AC +1, EV +1)
((You are camouflaged when in or above water. (Stealth+)))
You have tentacles for arms and can constrict up to eight enemies at once.


Message History

The orc hits you with a +0 dagger. The adder bites you.
You miss the adder. Your grab misses the adder. The adder bites you.
The orc hits you with a +0 dagger.
You closely miss the adder. Your grab misses the adder.
The adder barely misses you. The orc hits you with a +0 dagger.
You are too injured to fight recklessly!
You are too injured to fight recklessly!
You are too injured to fight recklessly!
You are too injured to fight recklessly!
You are too injured to fight recklessly!
You are too injured to fight recklessly!
You are too injured to fight recklessly!
You are too injured to fight recklessly!
You are too injured to fight recklessly!
You are too injured to fight recklessly!
You are too injured to fight recklessly!
You are too injured to fight recklessly!
You are too injured to fight recklessly!
You are too injured to fight recklessly!
You are too injured to fight recklessly!
Casting: Freeze (safe; 2% risk of failure)
Confirm with . or Enter, or press ? or * to list all spells.
Aiming: Freeze (safe; 2% risk of failure)
Press: ? - help, Shift-Dir - straight line, f - orc
Aim: an orc, wielding a +0 dagger You freeze the orc!
The orc is almost dead.
The adder bites you.
* * * LOW HITPOINT WARNING * * *
The bat hits you but does no damage. The orc hits you with a +0 dagger.
* * * LOW HITPOINT WARNING * * *
Casting: Freeze (safe; 2% risk of failure)
Confirm with . or Enter, or press ? or * to list all spells.
Aiming: Freeze (safe; 2% risk of failure)
Press: ? - help, Shift-Dir - straight line, f/p - orc
Aim: an orc, wielding a +0 dagger (almost dead)
You freeze the orc.
You kill the orc!
The bat hits you but does no damage. The adder bites you.
You die...

.# ### #. #.. ..
#.# .# #.# ..#
#####.##..
#.#.#.#.#.#.#.#..#
......b...<......#
.#.#.#@#.#.#.#..#
......S).......
#.#.#.#.#.#.#.#
.............
#.#.#.#.#.#.#..
...............##
#.#S# #.#.#.#.###
.. ... ..


You could see an adder and a bat.

Vanquished Creatures
  An adder (D:2)
  A ribbon worm (D:2)
  A dart slug (D:1)
  An orc (D:3)
  4 endoplasms
  A giant cockroach (D:2)
  5 goblins
  4 hobgoblins
  3 jackals (D:2)
  2 kobolds (D:1)
  2 quokkas (D:1)
  4 ball pythons
  5 bats
  2 frilled lizards (D:1)
  5 rats
41 creatures vanquished.

Notes
Turn   | Place    | Note
-------+----------+-------------------------------------------
     0 | D:1      | BeKind the Octopode Ice Elementalist began the quest for
                  | the Orb.
     0 | D:1      | Reached XP level 1. HP: 11/11 MP: 3/3
   247 | D:1      | Reached XP level 2. HP: 17/17 MP: 5/5
   663 | D:1      | Reached XP level 3. HP: 21/21 MP: 6/6
   920 | D:2      | Found a faded altar of an unknown god.
  1851 | D:3      | HP: 1/21 [orc/+0 dagger (4)]
  1852 | D:3      | Slain by an adder

Illustrated notes

Levels and vault maps discovered:
D:1:      dpeg_arrival_three_same_balls, layout_loops_ring, minmay_octomino_j4
D:2:      layout_loops_corners, chequers_ecumenical_altar_simple_redux,
          chequers_arboretum, chequers_serial_rivers_micro_a
D:3:      layout_loops_corners, mainiacjoe_overflow_two_lobes, serial_glass,
          glass_columns_c, glass_columns_a, st_stairs_11, minmay_misc_feat_iff

Skill      XL: |  1 |
---------------+----+-----
Stealth        | 3 |  3.0
Dodging        | |  2.8
Spellcasting   | |  2.7
Ice Magic      | |  4.4

Action                     || total
---------------------------++-------
  Melee: Short sword       ||    60
         Constrict         ||    15
         Tentacles         ||    12
         Unarmed           ||     1
   Cast: Freeze            ||    16
   Stab: Sleeping          ||    15
         Distracted        ||     1
 Armour: Skin              ||    35
  Dodge: Dodged            ||    28

Table legend: (Time is in decaauts)
 A = Elapsed time spent in this place.
 B = Non-inter-level travel time spent in this place.
 C = Inter-level travel time spent in this place.
 D = Time resting spent in this place.
 E = Time spent auto-exploring this place.
 F = Levels seen in this place.
 G = Mean time per level.
                   A        B        C        D        E       F      G
               +--------+--------+--------+--------+--------+-----+--------+
         Total |   1850 |   1790 |     60 |      0 |   1548 |   3 |  616.7 |
       Dungeon |   1850 |   1790 |     60 |      0 |   1548 |   3 |  616.7 |
               +--------+--------+--------+--------+--------+-----+--------+

Top non-repeatable levels by time:
     D:2: 1003 daAuts
     D:1: 837 daAuts
     D:3: 9 daAuts
